 Dungeon Crawl Stone Soup version 0.21.1-1-g345015f (webtiles) character file.

89 yevrey the Grasshopper (level 4, 0/23 HPs)
             Began as a Spriggan Warper on May 2, 2018.
             Succumbed to an adder's poison
             ... on level 2 of the Dungeon.
             The game lasted 00:15:19 (4191 turns).

yevrey the Grasshopper (Spriggan Warper)            Turns: 4191, Time: 00:15:20

Health: 0/23       AC:  2    Str:  7    XL:     4   Next: 31%
Magic:  9/10       EV: 19    Int: 15    God:
Gold:   153        SH:  0    Dex: 15    Spells: 0/10 levels left

rFire    . . .     SeeInvis +   a - +0 short sword
rCold    . . .     Gourm    .   (shield restricted)
rNeg     . . .     Faith    .   b - +0 robe
rPois    .         Spirit   .   (helmet restricted)
rElec    .         Reflect  .   (no cloak)
rCorr    .         Harm     .   (gloves unavailable)
MR       .....                  (boots unavailable)
Stlth    ++........             (no amulet)
HPRegen  0.07/turn              (no ring)
MPRegen  0.12/turn              (no ring)

@: lethally poisoned (0 -> -4), starving, very quick
A: very small, unfitting armour, see invisible, herbivore, speed 3, slow
metabolism 2
a: no special abilities


You were on level 2 of the Dungeon.
You were starving.

You visited 1 branch of the dungeon, and saw 3 of its levels.

You collected 153 gold pieces.

Inventory:

Hand Weapons
 a - a +0 short sword (weapon)
 n - a +0 hunting sling
Missiles
 e - 5 tomahawks of dispersal (quivered)
 o - 40 stones
Armour
 b - a +0 robe (worn)
Jewellery
 l - an uncursed ring of poison resistance {unknown}
Scrolls
 d - a scroll of blinking
 h - a scroll of fear {unknown}
 i - 3 scrolls of identify {unknown}
 m - a scroll of enchant weapon {unknown}
 p - a scroll of remove curse {unknown}
 q - a scroll of amnesia {unknown}
Potions
 g - 2 potions of agility {unknown}
 j - a potion of mutation {unknown}
 k - a potion of curing {unknown}
Books
 c - a book of Spatial Translocations

   Spells                             Type                      Level
   a - Blink                          Translocation                2
   b - Shroud of Golubria             Charms/Translocation         2
   c - Lesser Beckoning               Translocation                3
   d - Gell's Gravitas                Translocation                3
   e - Teleport Other                 Translocation                3
   f - Passage of Golubria            Translocation                4
Comestibles
 f - a ration


   Skills:
 + Level 1.8 Fighting
 + Level 2.7 Short Blades
 + Level 0.8(1.2) Slings
 + Level 1.0(1.1) Throwing
 + Level 4.4 Dodging
 + Level 1.5 Stealth
 + Level 3.7 Spellcasting
 + Level 1.9 Charms
 + Level 4.5 Translocations


You couldn't memorise any spells.
You knew the following spells:

 Your Spells              Type           Power        Failure   Level  Hunger
a - Blink                 Tloc           N/A          4%          2    ##.....
b - Shroud of Golubria    Chrm/Tloc      ##........   8%          2    ##.....
c - Lesser Beckoning      Tloc           ###.......   9%          3    ###....
d - Gell's Gravitas       Tloc           ###.......   9%          3    ###....


Dungeon Overview and Level Annotations

Branches:
Dungeon (3/15)

Altars:

Annotations:
D:2 1 runed door


Innate Abilities, Weirdness & Mutations

You are very small and have problems with some larger weapons.
You are too small for most types of armour.
You have supernaturally acute eyesight. (SInv)
You are a herbivore.
You cover ground extremely quickly.
You need consume almost no food.


Message History

The adder is almost dead.
The adder barely misses you.
You hit the adder but do no damage.
The adder is almost dead.
You feel sick. The adder barely misses you.
You miss the adder.
The adder is almost dead.
The adder completely misses you.
Unknown command.
You closely miss the adder.
The adder is almost dead.
The adder misses you.
You miss the adder.
The adder is severely wounded.
The adder bites you.
* * * LOW HITPOINT WARNING * * *
The adder barely misses you.
You hit the adder.
You kill the adder!
You die...

. #......#
# ......# #
#...# ##
#...### .+
#...'.# ##
#$..#.# #
#...#)# #
......#.#
.#
#......#@#
##
........#.#
#
........#.#
#
#+#######.#
# #.#.#
#...# #.###
# #.# #.
#.#


There were no monsters in sight!

Vanquished Creatures
  3 adders
  4 worms
  3 leopard geckos
  A ball python (D:1)
  3 giant cockroaches
  2 hobgoblins (D:1)
  A quokka (D:2)
  4 bats
  5 frilled lizards
  8 goblins
  10 kobolds
  7 rats
  2 bushes (D:1)
  A plant (D:1)
54 creatures vanquished.

Notes
Turn   | Place    | Note
-------+----------+-------------------------------------------
     0 | D:1      | yevrey the Spriggan Warper began the quest for the Orb.
     0 | D:1      | Reached XP level 1. HP: 10/10 MP: 5/5
   428 | D:1      | Reached XP level 2. HP: 5/14 MP: 7/7
   433 | D:1      | Learned a level 2 spell: Blink
   436 | D:1      | Learned a level 2 spell: Shroud of Golubria
  1482 | D:1      | Reached skill level 1 in Stealth
  1482 | D:1      | Reached XP level 3. HP: 13/18 MP: 3/8
  1955 | D:2      | Learned a level 3 spell: Lesser Beckoning
  2673 | D:2      | Reached skill level 1 in Charms
  2728 | D:2      | Found a runed door.
  4004 | D:2      | Reached XP level 4. HP: 16/23 MP: 7/10
  4009 | D:2      | Learned a level 3 spell: Gell's Gravitas
  4190 | D:2      | HP: 1/23 [adder (4)]
  4191 | D:2      | Succumbed to an adder's poison

Skill      XL: |  1  2  3 |
---------------+----------+-----
Spellcasting   | 3 |  3.7
Dodging        | 4 |  4.4
Stealth        | 1 |  1.5
Charms         | 1 |  1.9
Fighting       | |  1.8
Short Blades   | |  2.7
Slings         | |  0.8
Throwing       | |  1.0
Translocations | |  4.5

Action                   |  1- 3 |  4- 6 || total
-------------------------+-------+-------++-------
Melee: Short sword       |   932 |    75 ||  1007
 Fire: Hunting sling     |    16 |    11 ||    27
 Cast: Shroud of Golubri |    38 |     3 ||    41
 Stab: Sleeping          |     3 |       ||     3
  Eat: Ration            |     2 |       ||     2
Armor: Robe              |    33 |     4 ||    37
Dodge: Dodged            |   350 |    66 ||   416
